 Dungeon Crawl Stone Soup version 0.27-a0-1083-gcf8293e1eb (webtiles) character file.

Game seed: 503885333249017846

393 EnegeticOcto the Chopper (level 6, -2/55 HPs)
             Began as a Deep Dwarf Delver on Apr 26, 2021.
             Slain by an ogre
             ... wielding a +0 giant club
              (8 damage)
             ... on level 5 of the Dungeon.
             The game lasted 00:02:10 (279 turns).

EnegeticOcto the Chopper (Deep Dwarf Delver)         Turns: 279, Time: 00:02:11

Health: -2/55      AC:  6    Str: 18    XL:     6   Next: 51%
Magic:  4/4        EV: 10    Int: 10    God:
Gold:   0          SH:  0    Dex: 14    Spells: 5/5 levels left

rFire    . . .     SeeInvis .   i - +0 war axe
rCold    . . .     Faith    .   (no shield)
rNeg     . . .     Spirit   .   k - +0 scale mail
rPois    .         Reflect  .   (no helmet)
rElec    .         Harm     .   (no cloak)
rCorr    .         Rampage  .   (no gloves)
Will     .....                  (no boots)
Stlth    ++........             (no amulet)
HPRegen  0.00/turn              (no ring)
MPRegen  0.09/turn              (no ring)

@: non-regenerating
A: damage resistance, heal wounds, sense surroundings 1, no regeneration
a: Heal Wounds


You were on level 5 of the Dungeon.
You visited 1 branch of the dungeon, and saw 3 of its levels.

Inventory:

Hand Weapons
 a - a +0 hand axe
 i - a +0 war axe (weapon)
   (You took it off an orc on level 6 of the Dungeon)
 j - a +0 vampiric trident
   (You took it off an orc on level 6 of the Dungeon)
Armour
 b - a +0 leather armour
 k - a +0 scale mail (worn)
   (You found it on level 6 of the Dungeon)
Wands
 g - a wand of digging (2) {@v3}
Scrolls
 c - a scroll of fog {!r}
 d - a scroll of identify {unknown}
 e - a scroll of fear {!r}
 h - a scroll of holy word {unknown}
 l - a scroll of noise {unknown}
Potions
 f - a potion of haste {@q4 !q}
 m - a potion of heal wounds {unknown}


   Skills:
 - Level 2.6 Fighting
 + Level 7.7 Axes
 - Level 2.1 Dodging
 - Level 6.0 Stealth


You had 5 spell levels left.
You didn't know any spells.
Your spell library was empty.

Dungeon Overview and Level Annotations

Branches:
Dungeon (7/15)             Temple (0/1) D:5

Altars:


Innate Abilities, Weirdness & Mutations

You are resistant to damage.
You can heal yourself by infusing magical energy.
You passively map a small area around you.
You do not regenerate.


Message History

The scorpion is severely wounded.
The scorpion completely misses you.
The scorpion stings you but does no damage.
You barely miss the scorpion.
The scorpion is severely wounded.
The scorpion stings you.
You are too injured to fight recklessly!
You are too injured to fight recklessly!
You are too injured to fight recklessly!
You hit the scorpion but do no damage.
The scorpion is severely wounded.
The scorpion barely misses you. The scorpion stings you.
You are more poisoned.
The scorpion poisons you!
You hit the scorpion but do no damage.
The scorpion is severely wounded.
The scorpion barely misses you.
You puncture the scorpion!
You feel better.
You kill the scorpion!
Your Axes skill increases to level 6!
You are no longer poisoned.
There is a stone staircase leading up here.
You climb upwards.
There is a stone staircase leading down here.
There is a stone staircase leading up here.
You climb upwards.
A necrophage comes into view.
Found a scroll labelled ROID PO NICKOA.
There is a stone staircase leading down here.
You are too injured to fight recklessly!
You are too injured to fight recklessly!
You are too injured to fight recklessly!
You feel the dreadful sensation subside.
i - a +0 war axe (weapon)
You see here a scroll labelled ROID PO NICKOA.
d - a scroll labelled ROID PO NICKOA You barely miss the necrophage.
The necrophage barely misses you.
You hit the necrophage.
The necrophage is lightly damaged.
The necrophage barely misses you. The necrophage hits you.
You feel drained.
You hit the necrophage.
The necrophage is moderately damaged.
The necrophage hits you.
You feel drained.
You slash the necrophage!
The necrophage is severely damaged.
The necrophage hits you but does no damage.
You closely miss the necrophage.
The necrophage is severely damaged.
The necrophage barely misses you.
You hit the necrophage but do no damage.
The necrophage is severely damaged.
The necrophage hits you but does no damage.
You slash the necrophage!
You destroy the necrophage!
Your life force feels restored.
Your Axes skill increases to level 7!
You have reached level 6!
Your experience leads to an increase in your attributes!
Increase (s)trength, (i)ntelligence, or (d)exterity?
You feel stronger.
You open the door.
There is an open door here.
A black bear comes into view.
The black bear growls angrily.
There's nothing to close nearby.
Unknown command.
The black bear closely misses you. The black bear claws you. x2
The black bear bites you but does no damage.
The black bear claws you.
The black bear claws you but does no damage.
The black bear bites you but does no damage.
The black bear claws you but does no damage. x2
You slash the black bear!
The black bear is moderately wounded.
The black bear bites you but does no damage.
The black bear closely misses you.
The black bear claws you but does no damage.
You slash the black bear!
The black bear is almost dead.
The black bear goes berserk!
You slash the black bear!
You kill the black bear!
Aiming: Dig
Press: ? - help, Shift-Dir - straight line A rock wall.
The rock shatters into small pieces.
Found a dagger.
Found a staircase to the Ecumenical Temple.
Found 12 gold pieces.
An ogre comes into view. It is wielding a +0 giant club.
The ogre shouts!
You see here 12 gold pieces.
You hit the ogre.
The ogre is lightly wounded.
The ogre hits you with a +0 giant club!!
* * * LOW HITPOINT WARNING * * *
You barely miss the ogre.
The ogre is lightly wounded.
The ogre hits you with a +0 giant club!
You die...

* #.##.#.....#
##.###...## *
*#.........# ,
#..#.....#..#
.##....)# ..#
##..#.#..# ...
*#..##.##..##..
...##...##.....
.......O@.......
....##...##.....
.## ##.## ##.. *
#.# ,* , , * **
... * * * .... ,
* * .... ** ####
*


You could see an ogre.

Vanquished Creatures
  A black bear (D:5)
  A necrophage (D:5)
  A scorpion (D:7)
  A water moccasin skeleton (D:5)
  A centaur skeleton (D:5)
  2 orc priests (D:6)
  A shadow imp (D:5)
  6 orcs (D:6)
14 creatures vanquished.

Notes
Turn   | Place    | Note
-------+----------+-------------------------------------------
     0 | D:5      | EnegeticOcto the Deep Dwarf Delver began the quest for the
                  | Orb.
     0 | D:5      | Reached XP level 1. HP: 20/20 MP: 1/1
    33 | D:5      | Reached skill level 3 in Axes
    33 | D:5      | Reached XP level 2. HP: 20/27 MP: 2/2
    33 | D:5      | Reached XP level 3. HP: 24/33 MP: 3/3
    55 | D:5      | Your magical essence is drained by the effort!
    65 | D:5      | Reached skill level 4 in Axes
    65 | D:5      | Reached XP level 4. HP: 13/40 MP: 3/3
    74 | D:5      | Reached skill level 5 in Axes
   135 | D:6      | Your magical essence is drained by the effort!
   141 | D:6      | Reached XP level 5. HP: 33/46 MP: 3/3
   209 | D:7      | Reached skill level 6 in Axes
   225 | D:5      | Noticed a necrophage
   237 | D:5      | Killed a necrophage
   238 | D:5      | Reached skill level 7 in Axes
   238 | D:5      | Reached XP level 6. HP: 32/55 MP: 4/4
   270 | D:5      | Found a staircase to the Ecumenical Temple.
   279 | D:5      | Slain by an ogre

Illustrated notes

Levels and vault maps discovered:
D:5:      minmay_angry_zag, layout_basic, minmay_temple_entry_waves
D:6:      layout_basic, overflow_temple_1_default, uniq_crazy_yiuf_cottage,
          uniq_pikel, uniq_edmund
D:7:      nzn_winding_woodlands_medium [nzn_winding_woodlands_hourglass,
          nzn_winding_woodlands_5x15_default,
          nzn_winding_woodlands_5x5_open_star,
          nzn_winding_woodlands_5x5_closed_star,
          nzn_winding_woodlands_center_pierced_h,
          nzn_winding_woodlands_5x5_checkerboard,
          nzn_winding_woodlands_5x5_perimeter,
          nzn_winding_woodlands_5x15_pathside_ponds,
          nzn_winding_woodlands_5x5_three], layout_rooms, grunt_ministairs_11,
          minmay_crystal_room, chequers_serial_rivers_large_b

Skill      XL: |  1  2  3  4  5 |
---------------+----------------+-----
Axes           | 3 4 5 7 |  7.7
Fighting       | |  2.6
Dodging        | |  2.1
Stealth        | |  6.0

Action                   |  1- 3 |  4- 6 || total
-------------------------+-------+-------++-------
Melee: Hand axe          |    31 |    26 ||    57
       Trident           |       |     8 ||     8
       War axe           |       |    12 ||    12
 Abil: Heal Wounds       |     2 |     3 ||     5
Evoke: Wand              |       |     1 ||     1
  Use: Scroll            |       |     1 ||     1
 Stab: Sleeping          |     1 |     2 ||     3
Armor: Leather armour    |    12 |     5 ||    17
       Scale mail        |       |    10 ||    10
Dodge: Dodged            |    22 |    28 ||    50

Table legend: (Time is in decaauts)
 A = Elapsed time spent in this place.
 B = Non-inter-level travel time spent in this place.
 C = Inter-level travel time spent in this place.
 D = Time resting spent in this place.
 E = Time spent auto-exploring this place.
 F = Levels seen in this place.
 G = Mean time per level.
                   A        B        C        D        E       F      G
               +--------+--------+--------+--------+--------+-----+--------+
         Total |    286 |    280 |      6 |      0 |      0 |   3 |   95.3 |
       Dungeon |    286 |    280 |      6 |      0 |      0 |   3 |   95.3 |
               +--------+--------+--------+--------+--------+-----+--------+

Top non-repeatable levels by time:
     D:5: 170 daAuts
     D:6: 83 daAuts
     D:7: 32 daAuts
